 Dungeon Crawl Stone Soup version 0.31-a0-344-gd109795599 (webtiles) character file.

Game seed: 6495711286634029450

636 LeprechaunX the Ruffian (level 7, 0/43 HPs)
             Began as an Octopode Shapeshifter on July 21, 2023.
             Slain by a sky beast (5 damage)
             ... on level 4 of the Dungeon.
             The game lasted 00:05:18 (4127 turns).

LeprechaunX the Ruffian (Octopode Shapeshifter)     Turns: 4127, Time: 00:05:18

Health: 0/43       AC:  1    Str: 16    XL:     7   Next: 50%
Magic:  7/7        EV: 13    Int: 11    God:
Gold:   286        SH:  0    Dex: 12    Spells: 6/6 levels left

rFire   . . .        o - +2 short sword (protect)
rCold   . . .        (no shield)
rNeg    . . .        (helmet currently unavailable)
rPois   .            (no amulet)
rElec   .            e - ring of resist corrosion
rCorr   +            (no ring)
SInv    .            (no ring)
Will    .....        (no ring)
Stlth   ++           (no ring)
HPRegen 0.27/turn    (no ring)
MPRegen 0.10/turn    (no ring)
                     (no ring)

%: no passive effects
@: beast-form
A: beast (slay +3), almost no armour, amphibious, 8 rings, camouflage 1,
gelatinous body 1, (nimble swimmer 1), tentacles
a: Begin Untransformation


You were on level 4 of the Dungeon.
You were a hulking beast.
You visited 1 branch of the dungeon, and saw 4 of its levels.
You also visited: Sewer.

You collected 286 gold pieces.

Inventory:

Hand Weapons
 o - a +2 short sword of protection (weapon)
Jewellery
 e - a ring of resist corrosion (left tentacle)
Talismans
 b - a beast talisman
Scrolls
 c - 2 scrolls of poison {unknown}
 f - a scroll of blinking {unknown}
 i - 2 scrolls of torment {unknown}
 k - a scroll of immolation {unknown}
 l - a scroll of fog {unknown}
 m - 4 scrolls of identify {unknown}
 p - a scroll of fear {unknown}
 q - 2 scrolls of amnesia {unknown}
 r - a scroll of brand weapon {unknown}
 s - a scroll of butterflies {unknown}
 t - 2 scrolls of enchant armour {unknown}
 w - a scroll of noise {unknown}
Potions
 a - 2 potions of lignification
 d - a potion of might {unknown}
 g - 2 potions of attraction {unknown}
 h - 2 potions of ambrosia {unknown}
 j - a potion of cancellation {unknown}
 n - a potion of curing {unknown}
 u - a potion of invisibility {unknown}
 v - 2 potions of haste {unknown}


   Skills:
 - Level 1.0 Fighting
 - Level 2.0 Dodging
 * Level 7.1 Unarmed Combat
 + Level 4.8 Shapeshifting


You had 6 spell levels left.
You didn't know any spells.
Your spell library contained the following spells:

 Spells                   Type           Power      Damage    Failure   Level
 Freeze                   Ice            0%         1d3       34%         1
 Necrotise                Necr           0%         1d4       34%         1
 Lesser Beckoning         Tloc           0%         N/A       47%         2
 Call Canine Familiar     Summ           0%         N/A       71%         3
 Frozen Ramparts          Ice            0%         1d1       71%         3
 Gell's Gravitas          Tloc           0%         N/A       71%         3
 Hailstorm                Conj/Ice       0%         3d3       71%         3
 Portal Projectile        Hex/Tloc       0%         N/A       71%         3
 Teleport Other           Tloc           0%         N/A       71%         3
 Vampiric Draining        Necr           0%         2d6       71%         3
 Vhi's Electric Charge    Tloc/Air       0%         N/A       71%         3
 Leda's Liquefaction      Hex/Erth       0%         N/A       98%         4
 Agony                    Necr           0%         N/A       100%        5
 Arcjolt                  Conj/Air       0%         1d10      100%        5
 Plasma Beam              Fire/Air       0%         2x1d10    100%        6


Dungeon Overview and Level Annotations

Branches:
Dungeon (4/15)              Sewer (visited)
 Temple: D:4-7

Altars:
The Shining One

Shops:
D:3 *

Portals:
Abyss: D:3

Annotations:
D:3 1 runed translucent door, 2 transporters, Crazy Yiuf; Newt's ghost, amateur DsGl


Innate Abilities, Weirdness & Mutations

You are a hulking beast.
Your limbs bulge with bestial killing power. (Slay +3)
You cannot wear most types of armour.
You are amphibious.
You can wear up to eight rings at the same time.
Your skin changes colour to match your surroundings (Stealth+).
Your rubbery body absorbs attacks. (AC +1, EV +1)
((You are camouflaged when in or above water. (Stealth+)))
You have tentacles for arms and can constrict up to eight enemies at once.


Message History

The sky beast misses you.
You hit the sky beast but do no damage. You squeeze the sky beast!
The sky beast is severely wounded.
The sky beast barely misses you.
You closely miss the sky beast.
The sky beast is severely wounded.
The sky beast hits you. The sky beast shocks you. The jackal barely misses you.
The jackal closely misses you.
You barely miss the sky beast.
The sky beast is severely wounded.
The jackal barely misses you.
The jackal bites you but does no damage.
The sky beast closely misses you.
The jackal bites you but does no damage. x2
You barely miss the sky beast.
The sky beast is severely wounded.
The sky beast closely misses you.
The jackal bites you but does no damage. x2
You barely miss the sky beast. Your squeeze misses the sky beast.
The sky beast is severely wounded.
The jackal bites you. The jackal closely misses you. The sky beast hits you.
The sky beast shocks you.
You closely miss the sky beast. Your squeeze misses the sky beast.
The sky beast is severely wounded.
The jackal closely misses you. The jackal completely misses you.
The sky beast completely misses you. The jackal closely misses you.
The jackal bites you.
You barely miss the sky beast.
The sky beast is severely wounded.
The sky beast flickers out of sight!
Deactivating autopickup; reactivate with Ctrl-A.
Something hits you. Something shocks you.
* * * LOW HITPOINT WARNING * * *
The jackal barely misses you. x2
You barely miss something. The jackal bites you.
* * * LOW HITPOINT WARNING * * *
The jackal closely misses you. Something hits you.
* * * LOW HITPOINT WARNING * * *
Something shocks you.
You die...

# #########
..##.......#
......h{...# #
......hh...# #
...........# #
...........# #####
#######..##...#
##..###...###..##...#
....#...........#...#
....#...........#...#
....'...........+...#
....##....##...##...#


You could see 2 jackals.

Vanquished Creatures
  A kobold brigand (Sewer)
  A howler monkey (D:4)
  2 hounds (D:4)
  A jelly (D:4)
  An orc priest (D:3)
  Terence (D:2)
  An orc wizard (D:3)
  4 gnolls (D:2)
  9 river rats
  11 adders
  3 worms
  2 dart slugs
  7 orcs (D:3)
  10 ball pythons
  7 endoplasms
  11 giant cockroaches
  8 goblins
  8 hobgoblins
  18 kobolds
  A quokka (D:3)
  8 bats
  2 frilled lizards
  29 rats
146 creatures vanquished.

Notes
Turn   | Place    | Note
-------+----------+-------------------------------------------
     0 | D:1      | LeprechaunX the Octopode Shapeshifter began the quest for
                  | the Orb.
     0 | D:1      | Reached XP level 1. HP: 13/13 MP: 1/1
   151 | D:1      | Reached XP level 2. HP: 16/18 MP: 2/2
   804 | D:2      | Reached XP level 3. HP: 20/23 MP: 3/3
  1067 | D:2      | Reached skill level 4 in Unarmed Combat
  1080 | D:2      | Found a faded altar of an unknown god.
  1104 | D:2      | Reached XP level 4. HP: 23/28 MP: 4/4
  1472 | D:2      | Noticed Terence
  1480 | D:2      | Killed Terence
  1481 | D:2      | Reached XP level 5. HP: 33/33 MP: 5/5
  1831 | D:3      | Reached skill level 5 in Unarmed Combat
  1966 | D:3      | Found a glowing golden altar of the Shining One.
  2235 | D:3      | Found Qeymod's Assorted Antiques.
  2277 | D:3      | Reached XP level 6. HP: 29/38 MP: 6/6
  2565 | D:3      | Noticed a small abomination
  2692 | D:3      | Found a runed translucent door.
  2693 | D:3      | Noticed Crazy Yiuf
  2730 | D:3      | Found a transporter.
  2734 | D:3      | Found a one-way gate to the infinite horrors of the Abyss.
  2734 | D:3      | Noticed Newt's ghost (amateur DsGl)
  2754 | D:3      | Found a transporter.
  2919 | D:4      | Reached skill level 6 in Unarmed Combat
  3010 | D:4      | Found a glowing drain.
  3014 | Sewer    | Entered a sewer
  3355 | Sewer    | Reached XP level 7. HP: 43/43 MP: 7/7
  4050 | D:4      | Reached skill level 7 in Unarmed Combat
  4127 | D:4      | Slain by a sky beast

Illustrated notes

Levels and vault maps discovered:
D:1:      dpeg_arrival_prison, layout_basic, minmay_misc_feat_hallway
D:2:      layout_basic, hellmonk_ecumenical_altar_zigzags, uniq_terence
D:3:      minmay_spotlight, layout_loops_ring,
          mainiacjoe_overflow_surrounded_room, gammafunk_ghost_abyssal_escape,
          serial_shops, nicolae_shop_window_shopping, kennysheep_generic_room_5,
          uniq_crazy_yiuf_cottage
D:4:      layout_gridville, cheibrodos_worm_habitat, gup_sewer_entry_spiral

Skill      XL: |  1  2  3  4  5  6  7 |
---------------+----------------------+-----
Unarmed Combat | 4 5 6 7 |  7.1
Shapeshifting  | 4 |  4.8
Fighting       | |  1.0
Dodging        | |  2.0

Action                     |  1- 3 |  4- 6 |  7- 9 || total
---------------------------+-------+-------+-------++-------
  Melee: Unarmed           |    49 |    37 |       ||    86
         Tentacles         |    11 |    30 |    10 ||    51
         Constrict         |    11 |    36 |    15 ||    62
         Punch             |     1 |     6 |     5 ||    12
         Short sword       |       |   111 |    69 ||   180
   Stab: Sleeping          |    12 |    15 |     3 ||    30
 Armour: Skin              |     1 |    26 |    26 ||    53
  Dodge: Dodged            |    15 |    83 |    69 ||   167

Table legend: (Time is in decaauts)
 A = Elapsed time spent in this place.
 B = Non-inter-level travel time spent in this place.
 C = Inter-level travel time spent in this place.
 D = Time resting spent in this place.
 E = Time spent auto-exploring this place.
 F = Levels seen in this place.
 G = Mean time per level.
                   A        B        C        D        E       F      G
               +--------+--------+--------+--------+--------+-----+--------+
         Total |   4118 |   3947 |    171 |    188 |   2968 |   5 |  823.6 |
       Dungeon |   3266 |   3095 |    171 |     14 |   2508 |   4 |  816.5 |
         Sewer |    851 |    851 |      0 |    174 |    460 |   1 |  851.0 |
               +--------+--------+--------+--------+--------+-----+--------+

Top non-repeatable levels by time:
     D:3: 1066 daAuts
     D:2: 1025 daAuts
   Sewer: 851 daAuts
     D:1: 783 daAuts
     D:4: 390 daAuts
